 Dungeon Crawl Stone Soup version 0.24-a0-459-g225fefd530 (webtiles) character file.

Game seed: 9930714433713279160

2195 Inarius the Chopper (level 9, 0/68 HPs)
             Began as a Demonspawn Abyssal Knight on June 29, 2019.
             Was a Priest of Lugonu.
             Slain by a killer bee (2 damage)
             ... on level 7 of the Dungeon.
             The game lasted 00:14:23 (9297 turns).

Inarius the Chopper (Demonspawn Abyssal Knight)     Turns: 9297, Time: 00:14:24

Health: 0/68       AC:  4    Str: 13 (15) XL:     9   Next: 12%
Magic:  13/13      EV:  6    Int: 13 (15) God:    Lugonu [***...]
Gold:   354        SH:  4    Dex: 11 (12) Spells: 8/8 levels left

rFire    + . .     SeeInvis .   a - +1 hand axe
rCold    + . .     Gourm    .   d - +0 buckler
rNeg     . . .     Faith    .   t - +1 chain mail
rPois    .         Spirit   .   (no helmet)
rElec    .         Reflect  .   w - +0 cloak
rCorr    .         Harm     .   x - +0 pair of gloves
MR       .....     Clarity  +   (no boots)
Stlth    ..........             (no amulet)
HPRegen  0.21/turn              q - ring of stealth
MPRegen  0.13/turn              z - +1 ring of protection

@: lethally poisoned (0 -> -2), corroded
A: thin metallic scales 2, clarity, cold resistance 1, deformed body,
deterioration 1, fire resistance 1
a: Depart the Abyss, Bend Space, Banish, Renounce Religion


You were on level 7 of the Dungeon.
You worshipped Lugonu.
Lugonu was most pleased with you.
You were not hungry.

You visited 1 branch of the dungeon, and saw 8 of its levels.
You visited the Abyss 1 time.

You collected 354 gold pieces.

Inventory:

Hand Weapons
 a - a +1 hand axe (weapon)
Armour
 d - a +0 buckler (worn)
 t - a +1 chain mail (worn)
 v - a +1 leather armour of fire resistance
 w - a +0 cloak (worn)
 x - a +0 pair of gloves (worn)
Jewellery
 q - a ring of stealth (left hand)
 z - a +1 ring of protection (right hand)
Wands
 n - a wand of paralysis (10)
 y - a wand of iceblast (6)
Scrolls
 b - a scroll of acquirement {unknown}
 e - 3 scrolls of remove curse
 f - a scroll of random uselessness {unknown}
 g - 2 scrolls of magic mapping {unknown}
 h - 3 scrolls of immolation
 i - 5 scrolls of identify
 j - 4 scrolls of teleportation
 k - 2 scrolls of fog {unknown}
 l - 3 scrolls of enchant armour
 o - a scroll of enchant weapon {unknown}
 s - a scroll of blinking {unknown}
 u - a scroll of noise {unknown}
 B - a scroll of fear {unknown}
 D - a scroll of amnesia {unknown}
Comestibles
 c - 14 rations


   Skills:
 + Level 5.3 Fighting
 * Level 7.9 Axes
 + Level 3.6 Armour
 + Level 2.7 Dodging
 - Level 0.3 Stealth
 + Level 1.8 Shields
 + Level 0.2 Unarmed Combat
 * Level 6.2 Invocations
 * Level 2.5 Evocations


You had 8 spell levels left.
You didn't know any spells.
Your spell library contained the following spells:

 Spells                   Type           Power        Failure   Level  Hunger
 Magic Dart               Conj           #...         100%        1    ##.....
 Searing Ray              Conj           #.....       100%        2    ###....
 Dazzling Spray           Conj/Hex       #.....       100%        3    ####...
 Force Lance              Conj/Tloc      #.......     100%        4    #####..
 Fulminant Prism          Conj/Hex       #.........   100%        4    #####..
 Iskenderun's Mystic Bla  Conj           #.......     100%        4    #####..


Dungeon Overview and Level Annotations

Branches:
Dungeon (8/15)             Temple (0/1) D:4
   Lair: D:8-11

Altars:
Ashenzari
Elyvilon
Fedhas
Hepliaklqana
Kikubaaqudgha
Uskayaw
Xom

Shops:
D:5 (   D:6 }

Annotations:
D:8 Harold


Innate Abilities, Weirdness & Mutations

You are mostly covered in thin metallic scales. (AC +3)
Your flesh is cold resistant. (rC+)
You possess an exceptional clarity of mind.
Armour fits poorly on your strangely shaped body.
Your body sometimes deteriorates upon taking damage.
Your flesh is heat resistant. (rF+)


Message History

* * * LOW HITPOINT WARNING * * *
You are splashed with acid.
* * * LOW HITPOINT WARNING * * *
The killer bee stings you.
* * * LOW HITPOINT WARNING * * *
Unknown command.
You're too confused to move!
You feel less invigorated.
You feel less confused. The killer bee barely misses you. The jelly hits you.
* * * LOW HITPOINT WARNING * * *
You are splashed with acid!
* * * LOW HITPOINT WARNING * * *
The killer bee stings you but does no damage.
Unknown command.
You hit the jelly.
Your hands burn!
* * * LOW HITPOINT WARNING * * *
The jelly is heavily wounded.
You closely miss the killer bee. The killer bee closely misses you.
The jelly hits you but does no damage. The killer bee stings you.
You die...

############ #..........#
#..........#
#@.........#######
#Jy†........#.....
#.................
#.................
#.................
#####.............
#..........).. ###########
#.............
#........>#####.............


You could see a jelly and a killer bee.

Vanquished Creatures
  2 hippogriffs (D:7)
  A necrophage (D:8)
  A black bear (D:6)
  4 ogres
  A phantom (D:5)
  3 centaurs (D:5)
  A bullfrog (D:3)
  3 scorpions
  2 killer bees (D:7)
  A howler monkey (D:4)
  A crimson imp (D:3)
  A bullfrog zombie (D:6)
  A centaur skeleton (D:6)
  A hound (D:5)
  A jelly (D:7)
  A bullfrog skeleton (D:5)
  2 iguanas
  3 worker ants
  Natasha (thrice) (D:2)
  4 gnolls (D:3)
  11 adders
  2 shadow imps
  An ooze (D:3)
  An adder zombie (D:6)
  4 worms
  2 dart slugs
  7 leopard geckos
  24 orcs
  4 bats
  7 giant cockroaches
  12 goblins
  6 hobgoblins
  3 jackals (D:8)
  11 kobolds
  3 quokkas
  A ball python (D:4)
  4 frilled lizards
  A jackal skeleton (D:4)
  A leopard gecko skeleton (D:6)
  A quokka skeleton (D:6)
  10 rats
153 creatures vanquished.

Notes
Turn   | Place    | Note
-------+----------+-------------------------------------------
     0 | Abyss:1  | Inarius the Demonspawn Abyssal Knight began the quest for
                  | the Orb.
     0 | Abyss:1  | Reached XP level 1. HP: 18/18 MP: 2/2
    74 | Abyss:2  | Noticed a thrashing horror
    76 | D:1      | Escaped the Abyss
   129 | D:1      | Reached skill level 2 in Axes
   141 | D:1      | Gained mutation: You are partially covered in thin metallic
                  | scales. (AC +2) [demonic ancestry]
   141 | D:1      | Reached XP level 2. HP: 10/24 MP: 3/3
   258 | D:1      | Reached skill level 1 in Dodging
   447 | D:1      | Reached * piety under Lugonu
   602 | D:1      | Gained mutation: You are mostly covered in thin metallic
                  | scales. (AC +3) [demonic ancestry]
   602 | D:1      | Reached XP level 3. HP: 29/29 MP: 5/5
   799 | D:2      | Noticed Natasha
  1017 | D:2      | Killed Natasha
  1189 | D:2      | Reached XP level 4. HP: 22/36 MP: 6/6
  1263 | D:2      | Noticed Natasha
  1340 | D:2      | Killed Natasha
  1504 | D:2      | Found a faded altar of an unknown god.
  1523 | D:2      | Reached skill level 3 in Axes
  2343 | D:2      | Noticed Natasha
  2353 | D:2      | Killed Natasha
  2353 | D:2      | Reached XP level 5. HP: 24/41 MP: 7/7
  2671 | D:3      | Reached ** piety under Lugonu
  2673 | D:3      | Found a blossoming altar of Fedhas.
  3195 | D:3      | Reached skill level 4 in Axes
  3271 | D:3      | Found a white marble altar of Elyvilon.
  3389 | D:3      | Reached XP level 6. HP: 36/48 MP: 9/9
  4274 | D:4      | Found a staircase to the Ecumenical Temple.
  4936 | D:5      | Entered Level 5 of the Dungeon
  4936 | D:5      | Found Fefrestro's Antique Weapon Emporium.
  4973 | D:5      | Reached skill level 5 in Axes
  4973 | D:5      | Reached XP level 7. HP: 31/54 MP: 10/10
  5514 | D:5      | Reached skill level 1 in Shields
  5539 | D:5      | Noticed a +0 hand axe
  5540 | D:5      | Noticed a +0 dagger
  5545 | D:5      | Found a hide-covered altar of Uskayaw.
  5628 | D:5      | Reached skill level 5 in Invocations
  5753 | D:5      | Reached skill level 6 in Axes
  5849 | D:5      | Reached XP level 8. HP: 20/61 MP: 11/11
  6516 | D:6      | Found a shattered altar of Ashenzari.
  6553 | D:6      | Found a hazy altar of Hepliaklqana.
  6565 | D:6      | Found a shimmering altar of Xom.
  6996 | D:6      | Reached skill level 1 in Evocations
  7339 | D:6      | Reached skill level 7 in Axes
  7408 | D:6      | Found Kigourot's Gadget Boutique.
  8009 | D:7      | Noticed a hippogriff
  8016 | D:7      | Killed a hippogriff
  8120 | D:7      | Reached *** piety under Lugonu
  8132 | D:7      | Reached skill level 5 in Fighting
  8371 | D:7      | Noticed a hippogriff
  8390 | D:7      | Killed a hippogriff
  8437 | D:7      | Found an ancient bone altar of Kikubaaqudgha.
  8730 | D:7      | Gained mutation: Your flesh is cold resistant. (rC+)
                  | [demonic ancestry]
  8730 | D:7      | Reached XP level 9. HP: 22/68 MP: 13/13
  8982 | D:8      | Noticed Harold
  9096 | D:8      | Gained mutation: Armour fits poorly on your strangely
                  | shaped body. [potion of mutation]
  9096 | D:8      | Gained mutation: Your flesh is heat resistant. (rF+)
                  | [potion of mutation]
  9096 | D:8      | Gained mutation: Your body sometimes deteriorates upon
                  | taking damage. [potion of mutation]
  9096 | D:8      | Gained mutation: You possess an exceptional clarity of
                  | mind. [potion of mutation]
  9297 | D:7      | HP: 1/68 [acid (3)]
  9297 | D:7      | Slain by a killer bee

Levels and vault maps discovered:
D:1:      onia_arrival_pentagram, layout_basic
D:2:      layout_loops_corners, chequers_ecumenical_altar_simple_redux,
          minivault_26, minmay_misc_feat_encased, uniq_natasha
D:3:      layout_basic, lemuel_round_altar, fedhas_ov_isle_minmay
D:4:      layout_basic, minmay_temple_entry_statues_pillars, eino_curves_01
D:5:      layout_cave_pods, dancing_weapons_uskayaw, serial_shops,
          nicolae_shop_crystal, first_ration
D:6:      layout_loops_ring, minmay_overflow_temple_star_quad,
          serial_co_window_serial, co_window_paths_b,
          co_window_of_opportunity_a, co_window_of_opportunity_a,
          co_window_paths_a, co_window_corner_a, co_window_paths_a,
          co_window_paths_b, co_window_corner_b, co_window_2corner,
          co_window_broadway_b, co_window_unsneaky_path_a, co_window_corner_ca,
          serial_shops, shop
D:7:      layout_rooms, kiku_gazebo_pond_becter
D:8:      layout_cave_pods, uniq_prince_ribbit1, uniq_harold

Skill      XL: |  1  2  3  4  5  6  7  8 |
---------------+-------------------------+-----
Axes           | 2 3 4 5 6 7 |  7.9
Dodging        | 1 2 |  2.7
Armour         | 2 3 |  3.6
Invocations    | 3 4 5 6 |  6.2
Fighting       | 4 5 |  5.3
Shields        | 1 |  1.8
Evocations     | 2 |  2.5
Stealth        | |  0.3
Unarmed Combat | |  0.2

Action                   |  1- 3 |  4- 6 |  7- 9 || total
-------------------------+-------+-------+-------++-------
Melee: Hand axe          |    91 |   332 |   395 ||   818
       Unarmed           |     8 |       |       ||     8
Invok: Depart the Abyss  |     1 |       |       ||     1
Evoke: Wand              |       |       |     3 ||     3
  Use: Scroll            |       |     7 |     1 ||     8
       Potion            |       |     2 |     9 ||    11
 Stab: Invisible         |       |       |     3 ||     3
  Eat: Chunk             |     1 |    12 |    12 ||    25
       Ration            |       |       |     1 ||     1
Armor: Leather armour    |    35 |    71 |       ||   106
       Skin              |     1 |    11 |    20 ||    32
       Chain mail        |       |    60 |   270 ||   330
Dodge: Dodged            |    53 |   156 |   130 ||   339
Block: Buckler           |    10 |    57 |    63 ||   130

Table legend:
 A = Non-vault XP
 B = Vault XP
 C = Vault XP percentage of total XP
 D = Non-vault monster count
 E = Vault monster count
 F = Vault count percentage of total count
                 A         B        C        D         E       F
            +---------+---------+-------+---------+---------+-------
      Total |    3102 |      35 |   1.1 |     152 |       1 |   0.7
            +---------+---------+-------+---------+---------+-------
        D:1 |      44 |       0 |   0.0 |      23 |       0 |   0.0
        D:2 |     142 |      35 |  19.8 |      23 |       1 |   4.2
        D:3 |     299 |       0 |   0.0 |      36 |       0 |   0.0
        D:4 |     159 |       0 |   0.0 |       9 |       0 |   0.0
        D:5 |     890 |       0 |   0.0 |      23 |       0 |   0.0
        D:6 |     522 |       0 |   0.0 |      20 |       0 |   0.0
        D:7 |     904 |       0 |   0.0 |      12 |       0 |   0.0
        D:8 |     142 |       0 |   0.0 |       6 |       0 |   0.0
            +---------+---------+-------+---------+---------+-------
